cohdb
Replays
Latest Replays
All Replays
Popular Replays
Top Player Replays
Match Explorer
How It Works
Community
CoH3 Stats
Reddit
Sign in to upload your games and track your stats! →
Sign in with Steam
Match 39484747
Unlisted
Match 39484747
Overview
Messages
Build Orders
End
Panzerpioneer Squad
250 Light Carrier
Selects Panzerjäger Kommand Battlegroup
Selects Panzerjäger Kommand Battlegroup
Panzergrenadier Squad
Construct Light Support Kompanie
250 Light Carrier
250 Light Carrier
Selects GrB 39 Grenade Launcher Requisition
Fire Support Elements
Pak 38 Mechanized Group
MG34 Team
Selects Blockade Equipment
Construct Panzerarmee Kommand
Combat Half-tracks
Vehicle Survival Package
Selects Early Warning
Emergency Repair Kits
Walking Stuka Rocket Launcher
Panzer III L Medium Tank
Panzer III L Medium Tank
Rapid Advance
Selects Butterfly Bomb Drop
Butterfly Bomb Drop
Kanade
罐头鸟巢
Valkyrie_Tone
114514
山城胖哥
Deamonik
使命召唤
The Unnamed One
0
0
Comments
sign in to comment!
No comments posted yet!